 Dungeon Crawl Stone Soup version 0.30-a0-739-gea05faddec (webtiles) character file.

Game seed: 12946633745732226629

24 kingofthe the Trooper (level 2, -2/40 HPs)
             Began as a Minotaur Berserker on Feb 4, 2023.
             Was a Follower of Trog.
             Slain by an adder (4 damage)
             ... on level 2 of the Dungeon.
             The game lasted 00:01:54 (784 turns).

kingofthe the Trooper (Minotaur Berserker)           Turns: 784, Time: 00:01:54

Health: -2/40      AC:  2    Str: 21    XL:     2   Next: 79%
Magic:  1/1        EV: 10    Int:  4    God:    Trog [*.....]
Gold:   80         SH:  6    Dex:  9    Spells: 1/1 levels left

rFire   . . .      SeeInvis .    a - +0 hand axe
rCold   . . .      Faith    .    g - +0 kite shield
rNeg    . . .      Spirit   .    b - +0 animal skin
rPois   .          Reflect  .    (helmet restricted)
rElec   .          Harm     .    (no cloak)
rCorr   .          Rampage  .    (no gloves)
Will    .....                    (no boots) Stlth
                                 (no amulet)
HPRegen 0.26/turn                (no ring)
MPRegen 0.07/turn                (no ring)

@: berserking, lethally poisoned (-2 -> -9), very quick
A: horns 2, retaliatory headbutt
a: Renounce Religion, Berserk


You were on level 2 of the Dungeon.
You worshipped Trog.
Trog was aware of your devotion.
You visited 1 branch of the dungeon, and saw 2 of its levels.

You collected 80 gold pieces.

Inventory:

Hand Weapons
 a - a +0 hand axe (weapon)
Armour
 b - a +0 animal skin (worn)
 g - a +0 kite shield (worn)
Jewellery
 e - a ring of fire
Scrolls
 c - 2 scrolls of enchant armour {unknown}
 f - a scroll of identify {unknown}
Potions
 d - 2 potions of attraction {unknown}


   Skills:
 + Level 4.0 Fighting
 + Level 4.0 Axes
 + Level 2.9 Armour
 + Level 2.6 Dodging
 + Level 0.1 Shields


You had one spell level left.
You didn't know any spells.
Your spell library was empty.

Dungeon Overview and Level Annotations

Branches:
Dungeon (2/15)

Altars:


Innate Abilities, Weirdness & Mutations

You have a pair of horns on your head.
You reflexively headbutt those who attack you in melee.


Message History

The adder bites you. The adder misses you. You block the adder's attack.
You hit the adder but do no damage. You miss the adder.
The adder closely misses you. The adder bites you.
You are poisoned.
The adder poisons you!
The adder bites you but does no damage. x2
You miss the adder. Your headbutt misses the adder. You miss the adder.
You feel sick. You block the adder's attack. The adder barely misses you.
You hit the adder.
The adder is moderately wounded.
You hit the adder.
You feel sick. The adder bites you.
You are more poisoned.
The adder poisons you! The adder bites you.
You are more poisoned.
The adder poisons you! The adder bites you. x2
You are too injured to fight recklessly!
You miss the adder.
The adder is moderately wounded.
You closely miss the adder. You hit the quokka.
* * * LOW HITPOINT WARNING * * *
You feel very sick. The quokka barely misses you. You furiously retaliate!
You headbutt the quokka. The adder bites you but does no damage.
The adder closely misses you. You block the quokka's attack.
The adder bites you.
* * * LOW HITPOINT WARNING * * *
The adder barely misses you.
A red film seems to cover your vision as you go berserk!
You feel yourself moving faster!
You feel mighty!
* * * LOW HITPOINT WARNING * * *
You feel sick. The quokka closely misses you. You furiously retaliate!
You headbutt the quokka!
You kill the quokka!
Trog accepts your kill. The adder bites you but does no damage.
The adder bites you.
* * * LOW HITPOINT WARNING * * *
You barely miss the adder.
The adder is moderately wounded.
You closely miss the adder.
* * * LOW HITPOINT WARNING * * *
You feel sick. The adder bites you.
You die...

...... ####
....# #<.##...#
< #†..#...# ..
##..#...#..#
#####.....###
#............
#......8.....
#....@†......
....###SS...###
..## +#...#..#
# ...#... ...#
.> .... ...##
.#..


You could see 2 adders.

Vanquished Creatures
  2 bats (D:1)
  An endoplasm (D:1)
  2 giant cockroaches (D:1)
  2 hobgoblins (D:1)
  4 jackals (D:1)
  4 kobolds (D:1)
  A quokka (D:2)
  A ball python (D:1)
  A goblin (D:1)
  A rat (D:2)
19 creatures vanquished.

Notes
Turn   | Place    | Note
-------+----------+-------------------------------------------
     0 | D:1      | kingofthe the Minotaur Berserker began the quest for the
                  | Orb.
     0 | D:1      | Reached XP level 1. HP: 19/19 MP: 0/0
   110 | D:1      | Reached XP level 2. HP: 13/27 MP: 1/1
   784 | D:2      | HP: 2/40 [poisoned by an adder]
   784 | D:2      | Slain by an adder

Illustrated notes

Levels and vault maps discovered:
D:1:      psy_arrival_conway, layout_basic, minmay_liquid_box, hex_tiny
D:2:      layout_loops_ring, grunt_ministairs_6, minmay_vboxes, uniq_natasha,
          uniq_jessica

Skill      XL: |  1  2 |
---------------+-------+-----
Fighting       | 4 |  4.0
Axes           | 4 |  4.0
Armour         | |  2.9
Dodging        | |  2.6
Shields        | |  0.1

Action                     || total
---------------------------++-------
  Melee: Hand axe          ||    47
         Headbutt          ||     4
 Invoke: Berserk           ||     2
   Stab: Sleeping          ||     1
 Armour: Animal skin       ||    15
  Dodge: Dodged            ||    28
  Block: Kite shield       ||     4

Table legend: (Time is in decaauts)
 A = Elapsed time spent in this place.
 B = Non-inter-level travel time spent in this place.
 C = Inter-level travel time spent in this place.
 D = Time resting spent in this place.
 E = Time spent auto-exploring this place.
 F = Levels seen in this place.
 G = Mean time per level.
                   A        B        C        D        E       F      G
               +--------+--------+--------+--------+--------+-----+--------+
         Total |    803 |    749 |     54 |     72 |    551 |   2 |  401.5 |
       Dungeon |    803 |    749 |     54 |     72 |    551 |   2 |  401.5 |
               +--------+--------+--------+--------+--------+-----+--------+

Top non-repeatable levels by time:
     D:1: 785 daAuts
     D:2: 17 daAuts
